 Dungeon Crawl Stone Soup version 0.30-a0-1123-gabc949cf19 (webtiles) character file.

Game seed: 11096728314282736819

32136 GloriousHammer the Basher (level 13, -1/105 HPs)
             Began as a Gnoll Cinder Acolyte on Apr 21, 2023.
             Was a High Priest of Ignis.
             Killed from afar by a catoblepas (4 damage)
             ... with a blast of calcifying dust
             ... on level 4 of the Lair of Beasts on Apr 22, 2023.
             The game lasted 00:51:17 (20560 turns).

GloriousHammer the Basher (Gnoll Cinder Acolyte)   Turns: 20560, Time: 00:51:18

Health: -1/105     AC: 16    Str: 13    XL:     13   Next: 62%
Magic:  8/26       EV: 17    Int: 25    God:    Ignis [*****.]
Gold:   956        SH:  5    Dex:  8    Spells: 16/30 levels left

rFire   + + .        a - +2 whip (venom)
rCold   . . .        U - +0 buckler
rNeg    . . .        Y - +3 ring mail "Vymeisy" {rPois rF+}
rPois   +            C - +0 helmet
rElec   .            (no cloak)
rCorr   .            y - +0 pair of gloves
SInv    .            h - +2 pair of boots
Will    .....        (no amulet)
Stlth   +++          k - +6 ring of intelligence
HPRegen 0.37/turn    E - +5 ring of evasion
MPRegen 0.20/turn

%: no passive effects
@: about to teleport
A: fangs 1, strong nose, distributed training
a: Renounce Religion, Fiery Armour, Foxfire Swarm, Rising Flame


You were on level 4 of the Lair of Beasts.
You worshipped Ignis.
Ignis was extremely pleased with you.
You visited 3 branches of the dungeon, and saw 15 of its levels.

You collected 956 gold pieces.

Inventory:

Hand Weapons
 a - a +2 whip of venom (weapon)
 b - a +0 sling
 t - a +1 flail of holy wrath
 v - a +0 antimagic dagger
Missiles
 e - 14 poisoned darts (quivered)
 r - 5 throwing nets
 M - 5 atropa-tipped darts
 X - 2 curare-tipped darts
Armour
 h - a +2 pair of boots (worn)
 y - a +0 pair of gloves (worn)
 C - a +0 helmet (worn)
 U - a +0 buckler (worn)
 Y - the +3 ring mail "Vymeisy" (worn) {rPois rF+}
   (You found it on level 10 of the Dungeon)

   rF:        It protects you from fire.
   rPois:     It protects you from poison.
Jewellery
 c - the ring "Giucra Fuoc" {rPois Str-3 Dex+3 Slay+4}
   (You found it on level 5 of the Dungeon)

   [ring of slaying]

   Str:       It affects your strength (-3).
   Dex:       It affects your dexterity (+3).
   Slay:      It affects your accuracy & damage with ranged weapons and melee
   (+4).
   rPois:     It protects you from poison.
 k - a +6 ring of intelligence (left hand)
 E - a +5 ring of evasion (right hand)
 L - a ring of flight
 N - a ring of positive energy
 R - a ring of resist corrosion
Wands
 l - a wand of iceblast (6)
 o - a wand of charming (13)
 x - a wand of light (10)
 K - a wand of polymorph (2)
 O - a wand of flame (7)
 P - a wand of digging (3)
 Z - a wand of mindburst (8)
Scrolls
 i - 4 scrolls of poison
 j - a scroll of fear {unknown}
 m - 4 scrolls of amnesia {unknown}
 u - 3 scrolls of vulnerability
 w - 3 scrolls of fog {unknown}
 A - 3 scrolls of teleportation
 D - 2 scrolls of magic mapping
 S - a scroll of torment {unknown}
 V - a scroll of enchant weapon {unknown}
Potions
 d - 4 potions of attraction {unknown}
 f - 5 potions of curing
 g - 2 potions of might {unknown}
 n - 2 potions of degeneration {unknown}
 p - 3 potions of magic
 q - 3 potions of flight {unknown}
 z - 2 potions of resistance {unknown}
 B - a potion of mutation {unknown}
 F - a potion of lignification {unknown}
 G - 3 potions of berserk rage {unknown}
 I - a potion of ambrosia
 J - a potion of cancellation {unknown}
 T - 2 potions of haste {unknown}
 W - 5 potions of brilliance {unknown}
Miscellaneous
 s - a tin of tremorstones (2/2)
 H - a piece from Xom's chessboard (15/15)


   Skills:
 + Level 10.9 Fighting
 + Level 8.8 Short Blades
 + Level 8.8 Long Blades
 + Level 8.8 Axes
 + Level 10.9 Maces & Flails
 + Level 8.8 Polearms
 + Level 8.8 Staves
 + Level 8.8 Ranged Weapons
 + Level 8.8 Throwing
 + Level 8.8 Armour
 + Level 8.8 Dodging
 + Level 8.8 Stealth
 + Level 8.8 Shields
 + Level 8.8 Unarmed Combat
 + Level 9.2 Spellcasting
 + Level 7.3 Conjurations
 + Level 7.3 Hexes
 + Level 7.3 Summonings
 + Level 7.3 Necromancy
 + Level 7.3 Translocations
 + Level 7.3 Transmutations
 + Level 9.2 Fire Magic
 + Level 7.3 Ice Magic
 + Level 7.3 Air Magic
 + Level 7.3 Earth Magic
 + Level 7.3 Poison Magic
 + Level 9.6 Invocations
 + Level 8.8 Evocations


You had 16 spell levels left.
You knew the following spells:

 Your Spells              Type           Power      Damage    Failure   Level
a - Scorch                Fire           100%       2d9       1%          2
b - Blink                 Tloc           96%        N/A       1%          2
c - Flame Wave            Conj/Fire      52%        2d13      4%          4
d - Wereblood             Tmut           48%        N/A       1%          2
e - Sticky Flame          Conj/Fire      52%        2d7       4%          4

Your spell library contained the following spells:

 Spells                   Type           Power      Damage    Failure   Level
 Beastly Appendage        Tmut           96%        N/A       1%          1
 Cigotuvi's Dreadful Rot  Necr/Pois/Air  96%        N/A       1%          2
 Inner Flame              Hex/Fire       52%        N/A       1%          3
 Spider Form              Tmut/Pois      48%        N/A       1%          3
 Anguish                  Hex/Necr       24%        N/A       6%          4
 Dispel Undead            Necr           48%        3d18      6%          4
 Manifold Assault         Tloc           48%        N/A       6%          4
 Death Channel            Necr           24%        N/A       67%         6
 Enfeeble                 Hex            24%        N/A       99%         7
 Storm Form               Tmut/Air       24%        N/A       99%         7


Dungeon Overview and Level Annotations

Branches:
Dungeon (10/15)            Temple (1/1) D:4            Lair (4/5) D:10
 Shoals (0/4) Lair:3       Spider (0/4) Lair:2        Slime (0/5) Lair:4
    Orc (0/2) D:10

Altars:
Ashenzari
Cheibriados
Dithmenos
Elyvilon
Fedhas
Gozag
Hepliaklqana
Kikubaaqudgha
Makhleb
Nemelex Xobeh
Okawaru
Qazlal
Ru
Sif Muna
Trog
Uskayaw
Vehumet
Wu Jian
Xom
Yredelemnul
Zin
The Shining One

Annotations:
D:9 1 runed translucent door, Elsrick's ghost, novice HOFi
D:10 2 transporters, dufus's ghost, journeyman GnMo
Lair:2 exclusion: downstairs


Innate Abilities, Weirdness & Mutations

You have very sharp teeth.
Your uncanny sense of smell can sniff out nearby items.
Your experience applies equally to all skills.


Message History

The eight-headed hydra bites you but does no damage. x2
The eight-headed hydra barely misses you.
The eight-headed hydra closely misses you.
The eight-headed hydra barely misses you.
The eight-headed hydra bites you.
You block the eight-headed hydra's attack.
The eight-headed hydra burns!
The eight-headed hydra is engulfed in calcifying dust.
The eight-headed hydra stops moving altogether!
Casting: Sticky Flame (dangerous; 4% risk of failure)
Confirm with . or Enter, or press ? or * to list all spells.
Flames lash the eight-headed hydra.
The eight-headed hydra is burned terribly!
The eight-headed hydra is almost dead.
The eight-headed hydra burns!
The eight-headed hydra is engulfed in calcifying dust.
Casting: Scorch (safe; 1% risk of failure)
Confirm with . or Enter, or press ? or * to list all spells.
Flames lash the eight-headed hydra.
The eight-headed hydra is burned terribly!
You kill the eight-headed hydra!
You shoot a sling bullet.
The sling bullet hits the catoblepas but does no damage.
The catoblepas breathes a plume of calcifying dust at you.
The blast of calcifying dust hits you but does no damage.
Casting: Scorch (safe; 1% risk of failure)
Confirm with . or Enter, or press ? or * to list all spells.
Flames lash the catoblepas.
The catoblepas is lightly wounded.
The catoblepas's fire resistance burns away.
You hear an angry hiss.
The catoblepas breathes a plume of calcifying dust at you.
The blast of calcifying dust hits you but does no damage.
A water moccasin comes into view.
Casting: Scorch (safe; 1% risk of failure)
Confirm with . or Enter, or press ? or * to list all spells.
Flames lash the catoblepas.
The catoblepas is burned terribly!
The catoblepas is lightly wounded.
A boulder beetle comes into view.
Casting: Scorch (safe; 1% risk of failure)
Confirm with . or Enter, or press ? or * to list all spells.
Aiming: Sticky Flame (dangerous; 4% risk of failure)
Press: ? - help, Shift-Dir - straight line, f/p - catoblepas
Aim: a catoblepas (lightly wounded, more vulnerable to fire)
The sticky flame hits the catoblepas but does no damage.
The catoblepas is lightly wounded.
The catoblepas is covered in liquid flames!
The catoblepas burns!
The water moccasin is engulfed in calcifying dust.
The water moccasin is moving more slowly.
The catoblepas breathes a plume of calcifying dust at you.
The blast of calcifying dust hits you but does no damage.
The boulder beetle curls into a ball and begins rolling!
The catoblepas burns!
The catoblepas gores you but does no damage.
Your +2 whip of venom begins to drip with poison!
a - a +2 whip of venom (weapon)
The catoblepas burns!
You hit the catoblepas but do no damage.
The catoblepas is poisoned.
You bite the catoblepas, but do no damage.
The catoblepas is heavily wounded.
The water moccasin completely misses you.
The catoblepas gores you!!
You whack the catoblepas!
The catoblepas looks as sick as possible!
The catoblepas is heavily wounded.
The catoblepas burns!
You block the water moccasin's attack.
You whack the catoblepas!
The catoblepas looks as sick as possible!
The catoblepas is severely wounded.
The catoblepas burns!
The catoblepas stops burning.
The catoblepas gores you!
You hit the water moccasin.
You bite the water moccasin, but do no damage.
The water moccasin is lightly wounded.
The water moccasin completely misses you.
Casting: Sticky Flame (dangerous; 4% risk of failure)
Confirm with . or Enter, or press ? or * to list all spells.
Flames lash the water moccasin.
The water moccasin is moderately wounded.
The water moccasin's fire resistance burns away.
The water moccasin barely misses you. The catoblepas gores you!!
The boulder beetle hits you!!!
* * * LOW HITPOINT WARNING * * *
The boulder beetle stops rolling and uncurls.
Blink to where?
Press: ? - help, Dir - move target, p - catoblepas
As you read the scroll of blinking, it crumbles to dust.
As you read the scroll of teleportation, it crumbles to dust.
You feel strangely unstable.
You are too injured to fight recklessly!
Throw: 15 darts (poison)
Press: ? - help, Q - select action, (/) - cycle Shift-Dir - straight line, f - boulder beetle
Aim: a boulder beetle (91% to hit)
You throw a poisoned dart.
The poisoned dart hits the boulder beetle.
The boulder beetle is poisoned.
The catoblepas breathes a plume of calcifying dust at you.
The blast of calcifying dust hits you.
You die...

##............#...§.§§§§Y........
#.....................Y.S°P#○....
#.....................B...##...##
##.#.#...P..#.#.....§.....# .##
##.........P#......§.~~~~... .
.....................~~~~.... ..
.......)..........§..~~~~......
.###.##....#÷....§........#.#..
## ###...##.....@..............
#.#......................
##.......................
#####......................
##.##.......#.P###...........
#..............# ###.........
#..............# ##.........
##..............# #..........
#...............# ##.........


There were no monsters in sight!

Vanquished Creatures
  Gastronok (Lair:3)
  2 hydras
  Harold (Lair:1)
  A boulder beetle (Lair:4)
  A death knight (D:8)
  4 two-headed ogres
  A death yak (Lair:3)
  Urug (Lair:1)
  An oklob plant (Lair:3)
  2 manticores
  An ugly thing (D:8)
  3 elephants (Lair:4)
  2 torpor snails
  2 gargoyles
  5 black mambas
  3 cane toads
  2 kobold demonologists
  2 rime drakes
  5 komodo dragons
  A polar bear (Lair:3)
  A wind drake (Lair:3)
  10 blink frogs
  A hornet (D:9)
  A tarantella (Lair:2)
  A slime creature (D:8)
  Sigmund (D:2)
  A vampire (D:8)
  A wraith (D:10)
  28 yaks
  6 wyverns
  A steam dragon (D:8)
  2 vampire mosquitoes (D:8)
  16 water moccasins
  4 black bears
  An ice beast (D:5)
  An ogre (D:7)
  3 orc warriors
  6 wolves
  2 centaurs
  5 phantoms
  3 kobold brigands
  18 bullfrogs
  3 gnoll sergeants
  4 scorpions
  6 wights
  A troll zombie (D:10)
  5 howler monkeys (D:7)
  4 electric eels
  2 bullfrog zombies (D:6)
  6 hounds
  3 orc priests
  3 jellies
  4 gnoll boudas
  Jessica (D:2)
  4 iguanas
  5 orc wizards
  7 ogre zombies (D:10)
  37 gnolls
  6 adders
  2 white imps
  An ufetubus (D:6)
  2 worms (D:2)
  2 dart slugs (D:5)
  18 orcs
  7 ball pythons
  9 endoplasms
  4 giant cockroaches
  8 goblins
  11 hobgoblins
  8 jackals
  4 quokkas
  4 bats
  2 frilled lizards (D:1)
  2 goblin skeletons (D:10)
  A goblin zombie (D:10)
  2 hobgoblin zombies (D:10)
  15 kobolds
  3 orc skeletons (D:10)
  17 orc zombies (D:10)
  3 rats
  2 butterflies (D:5)
382 creatures vanquished.

Vanquished Creatures (collateral kills)
  A hornet (shapeshifter) (D:8)
  A water moccasin (D:8)
2 creatures vanquished.

Vanquished Creatures (others)
  A wyvern (D:8)
  A jelly (D:8)
  5 foxfires (D:9)
  46 fungi
  37 plants
90 creatures vanquished.

Grand Total: 474 creatures vanquished

Notes
Turn   | Place    | Note
-------+----------+-------------------------------------------
     0 | D:1      | GloriousHammer the Gnoll Cinder Acolyte began the quest for
                  | the Orb.
     0 | D:1      | Reached XP level 1. HP: 23/23 MP: 4/4
   158 | D:1      | Reached XP level 2. HP: 29/29 MP: 5/5
   294 | D:1      | Learned a level 2 spell: Scorch
   554 | D:1      | Reached XP level 3. HP: 35/35 MP: 7/7
   698 | D:1      | Reached skill level 1 in Invocations
   888 | D:2      | Reached skill level 1 in Short Blades
   888 | D:2      | Reached skill level 1 in Long Blades
   888 | D:2      | Reached skill level 1 in Axes
   888 | D:2      | Reached skill level 1 in Polearms
   888 | D:2      | Reached skill level 1 in Staves
   888 | D:2      | Reached skill level 1 in Ranged Weapons
   888 | D:2      | Reached skill level 1 in Throwing
   888 | D:2      | Reached skill level 1 in Armour
   888 | D:2      | Reached skill level 1 in Dodging
   888 | D:2      | Reached skill level 1 in Stealth
   888 | D:2      | Reached skill level 1 in Shields
   888 | D:2      | Reached skill level 1 in Unarmed Combat
   888 | D:2      | Reached skill level 1 in Evocations
   968 | D:2      | Reached XP level 4. HP: 33/41 MP: 8/8
  1005 | D:2      | Noticed Jessica
  1013 | D:2      | Killed Jessica
  1014 | D:2      | Reached skill level 1 in Conjurations
  1014 | D:2      | Reached skill level 1 in Hexes
  1014 | D:2      | Reached skill level 1 in Summonings
  1014 | D:2      | Reached skill level 1 in Necromancy
  1014 | D:2      | Reached skill level 1 in Translocations
  1014 | D:2      | Reached skill level 1 in Transmutations
  1014 | D:2      | Reached skill level 1 in Ice Magic
  1014 | D:2      | Reached skill level 1 in Air Magic
  1014 | D:2      | Reached skill level 1 in Earth Magic
  1014 | D:2      | Reached skill level 1 in Poison Magic
  1068 | D:2      | Found a faded altar of an unknown god.
  1165 | D:2      | Noticed Sigmund
  1171 | D:2      | Killed Sigmund
  1172 | D:2      | Reached XP level 5. HP: 42/47 MP: 0/10
  1172 | D:2      | Reached XP level 6. HP: 47/53 MP: 0/11
  1745 | D:2      | Upgraded the game from 0.30-a0-1114-gd936c97349 to
                  | 0.30-a0-1116-gebefce21f7
  2294 | D:3      | Reached XP level 7. HP: 60/60 MP: 7/12
  3010 | D:4      | Found an ancient bone altar of Kikubaaqudgha.
  3302 | D:4      | Found a staircase to the Ecumenical Temple.
  3312 | Temple   | Entered the Ecumenical Temple
  3425 | D:5      | Entered Level 5 of the Dungeon
  3602 | D:5      | Found a snail-covered altar of Cheibriados.
  3757 | D:5      | Found a shimmering altar of Xom.
  3785 | D:5      | Reached XP level 8. HP: 67/67 MP: 3/14
  3786 | D:5      | Identified the ring "Giucra Fuoc" {rPois Str-3 Dex+3
                  | Slay+4}
  3944 | D:5      | Found a shimmering blue altar of Sif Muna.
  5393 | D:6      | Found a basalt altar of Yredelemnul.
  5611 | D:7      | Reached XP level 9. HP: 65/73 MP: 0/16
  5732 | D:7      | Reached skill level 5 in Spellcasting
  6356 | D:7      | Found a glowing silver altar of Zin.
  6423 | D:7      | Found a hazy altar of Hepliaklqana.
  6811 | D:7      | Reached skill level 5 in Invocations
  7357 | D:7      | Learned a level 2 spell: Blink
  7705 | D:8      | Noticed a two-headed ogre
  7710 | D:8      | Killed a two-headed ogre
  7711 | D:8      | Reached skill level 5 in Short Blades
  7711 | D:8      | Reached skill level 5 in Long Blades
  7711 | D:8      | Reached skill level 5 in Axes
  7711 | D:8      | Reached skill level 5 in Polearms
  7711 | D:8      | Reached skill level 5 in Staves
  7711 | D:8      | Reached skill level 5 in Ranged Weapons
  7711 | D:8      | Reached skill level 5 in Throwing
  7711 | D:8      | Reached skill level 5 in Armour
  7711 | D:8      | Reached skill level 5 in Dodging
  7711 | D:8      | Reached skill level 5 in Stealth
  7711 | D:8      | Reached skill level 5 in Shields
  7711 | D:8      | Reached skill level 5 in Unarmed Combat
  7711 | D:8      | Reached skill level 5 in Evocations
  7711 | D:8      | Reached XP level 10. HP: 82/82 MP: 7/19
  7843 | D:8      | Noticed a two-headed ogre
  7863 | D:8      | Killed a two-headed ogre
  8021 | D:8      | Identified the +4 robe of the Grue {rPois Dex+3}
  8206 | D:8      | Identified the +1 pair of gloves "Yddoiteh" {+Inv rF- Str+8
                  | Int-2}
  8228 | D:8      | Noticed a white ugly thing
  8236 | D:8      | Noticed a manticore
  8261 | D:8      | Killed a white ugly thing
  8529 | D:8      | Killed a manticore
  8697 | D:8      | Noticed a two-headed ogre
  8705 | D:8      | Killed a two-headed ogre
  8706 | D:8      | Reached skill level 5 in Conjurations
  8706 | D:8      | Reached skill level 5 in Hexes
  8706 | D:8      | Reached skill level 5 in Summonings
  8706 | D:8      | Reached skill level 5 in Necromancy
  8706 | D:8      | Reached skill level 5 in Translocations
  8706 | D:8      | Reached skill level 5 in Transmutations
  8706 | D:8      | Reached skill level 5 in Ice Magic
  8706 | D:8      | Reached skill level 5 in Air Magic
  8706 | D:8      | Reached skill level 5 in Earth Magic
  8706 | D:8      | Reached skill level 5 in Poison Magic
  8706 | D:8      | Reached XP level 11. HP: 84/89 MP: 9/21
  8896 | D:8      | Identified the +2 robe of the Bull {rElec}
  9103 | D:8      | Identified the +1 trident of Duawurph {vamp, *Slow Will+
                  | MP+9 Stlth+}
  9111 | D:8      | Identified the +7 dire flail "Pendulum" {drain, Dex+2}
  9232 | D:8      | Noticed a death knight
  9882 | D:8      | Noticed a death knight
  9907 | D:8      | Killed a death knight
 10076 | D:8      | Found a glowing golden altar of the Shining One.
 10734 | D:9      | Learned a level 4 spell: Flame Wave
 10929 | D:9      | Found a burning altar of Makhleb.
 10950 | D:9      | Noticed a two-headed ogre
 10970 | D:9      | HP: 3/89 [two-headed ogre/+0 giant club (9)]
 10971 | D:9      | Killed a two-headed ogre
 11705 | D:9      | Found a runed translucent door.
 11706 | D:9      | Found a shimmering altar of Xom.
 11706 | D:9      | Noticed Elsrick's ghost (novice HOFi)
 11706 | D:9      | Noticed a +0 rapier of chaos
 12024 | D:9      | Upgraded the game from 0.30-a0-1116-gebefce21f7 to
                  | 0.30-a0-1123-gabc949cf19
 12027 | D:9      | Learned a level 2 spell: Wereblood
 12032 | D:9      | Learned a level 4 spell: Sticky Flame
 12067 | D:10     | Entered Level 10 of the Dungeon
 12215 | D:10     | Found a staircase to the Orcish Mines.
 12508 | D:10     | Found a bloodstained altar of Trog.
 12626 | D:10     | Identified the +3 ring mail "Vymeisy" {rPois rF+}
 12823 | D:10     | Found a staircase to the Lair.
 13113 | D:10     | Found a transporter.
 13113 | D:10     | Found a transporter.
 13212 | D:10     | Reached XP level 12. HP: 97/97 MP: 18/23
 13725 | D:10     | Noticed dufus's ghost (journeyman GnMo)
 13769 | Lair:1   | Entered Level 1 of the Lair of Beasts
 14149 | Lair:1   | Reached skill level 10 in Fighting
 14149 | Lair:1   | Reached skill level 10 in Maces & Flails
 14273 | Lair:1   | You fall into a shaft and drop 1 floor!
 14284 | Lair:2   | Identified the +7 hand axe of Kismet {drain, rPois Int+5}
 14847 | Lair:1   | Noticed Harold
 14858 | Lair:1   | Killed Harold
 14984 | Lair:1   | Noticed Urug
 14999 | Lair:1   | Killed Urug
 15649 | Lair:2   | Found a hole to the Spider Nest.
 16437 | Lair:2   | Noticed an eight-headed hydra
 16447 | Lair:2   | Killed an eight-headed hydra
 17244 | Lair:3   | Noticed Gastronok
 17373 | Lair:3   | Reached XP level 13. HP: 90/104 MP: 21/25
 18020 | Lair:3   | Killed Gastronok
 18532 | Lair:3   | Found a staircase to the Shoals.
 19689 | Lair:4   | Found a sparkling altar of Nemelex Xobeh.
 20125 | Lair:4   | Found a staircase to the Slime Pits.
 20557 | Lair:4   | HP: 2/105 [boulder beetle (43)]
 20560 | Lair:4   | Killed from afar by a catoblepas

Illustrated notes

Levels and vault maps discovered:
D:1:      kilobyte_arrival_exit_the_forest, layout_loops_ring,
          chequers_serial_rivers_small_b, chequers_serial_rivers_micro_a,
          minmay_pentomino_x4
D:2:      layout_basic, ebering_ecumenical_altar_webs, uniq_sigmund,
          uniq_jessica
D:3:      minmay_chambers_of_twos, layout_basic
D:4:      layout_basic, kiku_gazebo_garden_becter, minmay_temple_entry_poolview
D:5:      layout_basic, kennysheep_slug_shrine, xom_butterflies,
          lemuel_doored_altar
D:6:      layout_loops_ring, lemuel_zombie_altar_yredelemnul
D:7:      layout_basic, mainiacjoe_overflow_two_lobes, minmay_misc_feat_five
D:8:      minmay_the_grid_octo_tiled_octocenter [minmay_the_grid_octo_77,
          minmay_the_grid_octo_checkered, minmay_the_grid_octo_checkerflower,
          minmay_the_grid_octo_pinwheel, minmay_the_grid_octo_prize_big_c,
          minmay_the_grid_square_5x5_n, minmay_the_grid_square_5x5_beaten_path,
          minmay_the_grid_square_5x5_c, minmay_the_grid_square_5x5_spiral],
          layout_basic, tso_altar, chequers_decorated_corner,
          minmay_misc_feat_plants
D:9:      layout_loops_corners, lemuel_tele_altar, ebering_ghost_xom
D:10:     layout_stronghold, bloody_trog, due_lair_maze_entry_diamond,
          zombieorc2_lemuel, gammafunk_ghost_hive
Temple:   nicolae_temple_hex_pool
Lair:1:   layout_loops_ring, dpeg_stationary_puzzle, grunt_megastairs_1,
          serial_bayou_shore_b, uniq_urug, uniq_harold
Lair:2:   layout_cellular_growth, spider_nest_entry_rubble, serial_rivers,
          chequers_serial_rivers_room_a, chequers_serial_rivers_micro_c,
          chequers_serial_rivers_room_b, chequers_serial_rivers_micro_e,
          chequers_serial_rivers_small_a, chequers_serial_rivers_micro_b
Lair:3:   layout_layer_cave, minmay_shoals_entry_beasts, uniq_gastronok
Lair:4:   layout_gridlike, slime_entry_1, basic_altar, hibernation_bobbens,
          infiniplex_staircase_pool

Skill      XL: |  1  2  3  4  5  6  7  8  9 10 11 12 13 |
---------------+----------------------------------------+-----
Invocations    | 1 2 3 4 5 6 7 8 9 |  9.6
Short Blades   | 1 2 3 5 6 7 8 |  8.8
Long Blades    | 1 2 3 5 6 7 8 |  8.8
Axes           | 1 2 3 5 6 7 8 |  8.8
Polearms       | 1 2 3 5 6 7 8 |  8.8
Staves         | 1 2 3 5 6 7 8 |  8.8
Ranged Weapons | 1 2 3 5 6 7 8 |  8.8
Throwing       | 1 2 3 5 6 7 8 |  8.8
Armour         | 1 2 3 5 6 7 8 |  8.8
Dodging        | 1 2 3 5 6 7 8 |  8.8
Stealth        | 1 2 3 5 6 7 8 |  8.8
Shields        | 1 2 3 5 6 7 8 |  8.8
Unarmed Combat | 1 2 3 5 6 7 8 |  8.8
Evocations     | 1 2 3 5 6 7 8 |  8.8
Spellcasting   | 3 4 6 7 8 9 |  9.2
Conjurations   | 1 2 3 4 5 6 7 |  7.3
Hexes          | 1 2 3 4 5 6 7 |  7.3
Summonings     | 1 2 3 4 5 6 7 |  7.3
Necromancy     | 1 2 3 4 5 6 7 |  7.3
Translocations | 1 2 3 4 5 6 7 |  7.3
Transmutations | 1 2 3 4 5 6 7 |  7.3
Ice Magic      | 1 2 3 4 5 6 7 |  7.3
Air Magic      | 1 2 3 4 5 6 7 |  7.3
Earth Magic    | 1 2 3 4 5 6 7 |  7.3
Poison Magic   | 1 2 3 4 5 6 7 |  7.3
Fighting       | 7 8 9 10 | 10.9
Maces & Flails | 7 8 9 10 | 10.9
Fire Magic     | 6 7 8 9 |  9.2

Action                     |  1- 3 |  4- 6 |  7- 9 | 10-12 | 13-15 || total
---------------------------+-------+-------+-------+-------+-------++-------
  Melee: Mace              |    24 |       |       |       |       ||    24
         Dire flail        |    54 |    58 |    88 |       |       ||   200
         Bite              |     3 |     7 |    12 |    46 |    37 ||   105
         Whip              |       |       |     9 |   263 |   165 ||   437
         Flail             |       |       |     6 |       |       ||     6
         Punch             |       |       |       |     3 |       ||     3
         Trident           |       |       |       |    17 |       ||    17
   Fire: Sling             |    48 |    41 |   120 |   164 |    61 ||   434
  Throw: Dart              |       |     1 |     1 |     3 |     7 ||    12
   Cast: Scorch            |       |    26 |   144 |   241 |    81 ||   492
         Sticky Flame      |       |       |       |     9 |     5 ||    14
         Flame Wave        |       |       |       |     9 |     4 ||    13
         Blink             |       |       |       |     2 |       ||     2
         Wereblood         |       |       |       |     1 |       ||     1
 Invoke: Foxfire Swarm     |       |       |       |     1 |       ||     1
  Evoke: Wand              |       |       |     2 |    14 |     5 ||    21
    Use: Scroll            |       |       |     4 |     4 |     5 ||    13
         Potion            |       |       |       |     1 |     2 ||     3
 Armour: Robe              |    18 |       |       |    36 |       ||    54
         Ring mail         |     2 |    33 |    82 |    65 |    75 ||   257
         Leather armour    |       |       |     6 |     1 |       ||     7
  Dodge: Dodged            |    57 |    39 |   114 |   186 |   161 ||   557
  Block: Buckler           |       |       |       |    61 |    61 ||   122

Table legend: (Time is in decaauts)
 A = Elapsed time spent in this place.
 B = Non-inter-level travel time spent in this place.
 C = Inter-level travel time spent in this place.
 D = Time resting spent in this place.
 E = Time spent auto-exploring this place.
 F = Levels seen in this place.
 G = Mean time per level.
                   A        B        C        D        E       F      G
               +--------+--------+--------+--------+--------+-----+--------+
         Total |  20439 |  19722 |    717 |   4526 |  11902 |  15 | 1362.6 |
       Dungeon |  13670 |  13174 |    496 |   2668 |   8185 |  10 | 1367.0 |
        Temple |     91 |     71 |     20 |      0 |     60 |   1 |   91.0 |
          Lair |   6677 |   6476 |    201 |   1858 |   3656 |   4 | 1669.2 |
               +--------+--------+--------+--------+--------+-----+--------+

Top non-repeatable levels by time:
     D:8: 2862 daAuts
  Lair:3: 2371 daAuts
  Lair:2: 2007 daAuts
     D:7: 1980 daAuts
    D:10: 1672 daAuts
     D:9: 1616 daAuts
  Lair:1: 1497 daAuts
     D:6: 1180 daAuts
     D:5: 1006 daAuts
     D:2: 937 daAuts
     D:1: 858 daAuts
  Lair:4: 800 daAuts
     D:4: 777 daAuts
     D:3: 777 daAuts
  Temple: 91 daAuts
